 Dungeon Crawl Stone Soup version 0.30.0-29-ga12c61a403 (webtiles) character file.

Game seed: 17489347594168070960

38 MacCMillion the Caller (level 3, -3/19 HPs)
             Began as a Tengu Summoner on June 9, 2023.
             Shot with a sling bullet by a goblin (4 damage)
             ... led by Robin
             ... on level 2 of the Dungeon.
             The game lasted 00:02:37 (1643 turns).

MacCMillion the Caller (Tengu Summoner)             Turns: 1643, Time: 00:02:38

Health: -3/19      AC:  2    Str:  8    XL:     3   Next: 43%
Magic:  6/8        EV: 12    Int: 17    God:
Gold:   67         SH:  0    Dex: 14    Spells: 4/7 levels left

rFire   . . .        f - +2 dagger (venom)
rCold   . . .        (no shield)
rNeg    . . .        a - +0 robe
rPois   .            (helmet restricted)
rElec   .            (no cloak)
rCorr   .            (no gloves)
SInv    .            (boots unavailable)
Will    .....        (no amulet)
Stlth   ++           (no ring)
HPRegen 0.23/turn    (no ring)
MPRegen 0.11/turn

%: no passive effects
@: no status effects
A: beak, talons 3
a: no special abilities


You were on level 2 of the Dungeon.
You visited 1 branch of the dungeon, and saw 2 of its levels.

You collected 67 gold pieces.

Inventory:

Hand Weapons
 f - a +2 dagger of venom (weapon)
Armour
 a - a +0 robe (worn)
 c - a +2 hat
Scrolls
 d - 3 scrolls of identify {unknown}
 h - a scroll of fog {unknown}
Potions
 b - a potion of magic
 e - a potion of attraction {unknown}
 g - 2 potions of haste {unknown}


   Skills:
 - Level 2.1 Dodging
 - Level 2.0 Stealth
 + Level 2.8 Spellcasting
 + Level 5.5 Summonings


You had 4 spell levels left.
You knew the following spells:

 Your Spells              Type           Power      Damage    Failure   Level
a - Summon Small Mammal   Summ           84%        N/A       1%          1
b - Call Imp              Summ           42%        N/A       2%          2

Your spell library contained the following spells:

 Spells                   Type           Power      Damage    Failure   Level
 Call Canine Familiar     Summ           21%        N/A       5%          3
 Summon Guardian Golem    Hex/Summ       11%        N/A       17%         3
 Summon Lightning Spire   Summ/Air       11%        N/A       50%         4


Dungeon Overview and Level Annotations

Branches:
Dungeon (2/15)

Altars:

Annotations:
D:2 Robin


Innate Abilities, Weirdness & Mutations

You have a beak for a mouth.
You have claws for feet.


Message History

A goblin is nearby!
Robin, 2 hobgoblins and 2 goblins come into view.
Robin shouts!
The hobgoblin shouts!
The goblin shouts!
A goblin comes into view. It is wielding a +0 dagger.
The goblin moves out of view.
The goblin shouts!
The hobgoblin shouts!
The goblin shouts!
An endoplasm comes into view.
Robin roars a battlecry!
The goblins go into a battle-frenzy!
A goblin comes into view. It is wielding a +0 club. x2
A goblin comes into view. It is wielding a +0 dagger.
A goblin comes into view. It is wielding a +0 club.
Something barely misses your quokka. Robin throws the goblin at you!
Your quokka closely misses the hobgoblin.
You barely miss the goblin. Your kick misses the goblin.
Your quokka bites the hobgoblin.
The hobgoblin dies!
Something closely misses your quokka. The goblin hits you with a +0 dagger.
Robin says, "A pitiful Tengu like you will never find the ORB!"
The goblin closely misses your quokka.
Your quokka bites the goblin.
Your quokka bites the goblin.
The goblin dies!
The goblin hits you with a +0 dagger.
The goblin unwields a +0 club.
The goblin wields a +0 sling.
The goblin shoots a sling bullet.
The sling bullet closely misses your quokka.
The sling bullet hits you.
Your quokka bites the goblin.
The goblin dies!
The goblin hits you with a +0 dagger.
* * * LOW HITPOINT WARNING * * *
Robin barely misses your quokka.
An adder comes into view.
Your quokka bites the hobgoblin but does no damage.
The goblin shoots a sling bullet.
The sling bullet barely misses your quokka.
The sling bullet closely misses your quokka.
The sling bullet barely misses the goblin.
The sling bullet hits you.
You die...

##### #...# ##### #...# ##
########...# ...# .g.
##...#......# ... ....
##...........# #.# .....
#...<........######.#Sg....
#........(....@gr.gggg)....
#...>......<.#......rg)....
##...........#...J...g.....
##...#......#.............
#######....#.............
##..†#.............
###.†...........?.
#.....####.#.... #.....#
.##.


You could see Robin, an adder (distracted), an endoplasm, a hobgoblin (strong),
5 goblins and 2 friendly quokkas.

Vanquished Creatures
  A bat (D:1)
  A jackal (D:2)
  A frilled lizard (D:1)
3 creatures vanquished.

Vanquished Creatures (collateral kills)
  2 dart slugs
  3 endoplasms (D:1)
  3 giant cockroaches (D:1)
  4 goblins
  3 hobgoblins
  2 jackals (D:2)
  A ball python (D:1)
  A bat (D:1)
  7 frilled lizards (D:1)
  3 rats (D:1)
29 creatures vanquished.

Grand Total: 32 creatures vanquished

Notes
Turn   | Place    | Note
-------+----------+-------------------------------------------
     0 | D:1      | MacCMillion the Tengu Summoner began the quest for the Orb.
     0 | D:1      | Reached XP level 1. HP: 10/10 MP: 4/4
    54 | D:1      | Reached skill level 5 in Summonings
   121 | D:1      | Reached XP level 2. HP: 15/15 MP: 4/6
   276 | D:1      | Learned a level 2 spell: Call Imp
   515 | D:1      | You fall into a shaft and drop 1 floor!
  1421 | D:1      | Reached XP level 3. HP: 19/19 MP: 4/7
  1635 | D:2      | Noticed Robin
  1643 | D:2      | Shot with a sling bullet by a goblin

Illustrated notes

Levels and vault maps discovered:
D:1:      lightli_arrival_boilingwater, layout_basic, roderic_lattice_a
D:2:      layout_rooms, uniq_robin, uniq_jessica, uniq_natasha

Skill      XL: |  1 |
---------------+----+-----
Summonings     | 5 |  5.5
Dodging        | |  2.1
Stealth        | |  2.0
Spellcasting   | |  2.8

Action                     || total
---------------------------++-------
  Melee: Unarmed           ||     4
         Kick              ||     1
         Punch             ||     1
         Dagger            ||     2
         Peck              ||     1
   Cast: Summon Small Mamm ||    46
         Call Imp          ||     9
 Armour: Robe              ||     2
  Dodge: Dodged            ||     9
